 Dungeon Crawl Stone Soup version 0.25-a0-927-g39f137c8b7 (webtiles) character file.

Game seed: 15328867260200278083, levelgen mode: deterministic

56 Maedhros the Sneak (level 3, 0/23 HPs)
             Began as an Octopode Artificer on May 3, 2020.
             Slain by a kobold (4 damage)
             ... on level 3 of the Dungeon.
             The game lasted 00:00:47 (750 turns).

Maedhros the Sneak (Octopode Artificer)              Turns: 750, Time: 00:00:48

Health: 0/23       AC:  1    Str: 11    XL:     3   Next: 97%
Magic:  5/5        EV: 13    Int: 13    God:
Gold:   40         SH:  0    Dex: 13    Spells: 2/2 levels left

rFire    . . .     SeeInvis .   a - +0 short sword
rCold    . . .     Gourm    .   (no shield)
rNeg     . . .     Faith    .   (helmet restricted)
rPois    .         Spirit   .   (no amulet)
rElec    .         Reflect  .   (no ring)
rCorr    .         Harm     .   (no ring)
MR       .....                  (no ring)
Stlth    ++++......             (no ring)
HPRegen  0.07/turn              (no ring)
MPRegen  0.09/turn              (no ring)
                                (no ring)
                                (no ring)

@: no status effects
A: almost no armour, stealthy swim, amphibious, 8 rings, constrict 8, camouflage
1, gelatinous body 1
a: no special abilities


You were on level 3 of the Dungeon.
You were not hungry.

You visited 1 branch of the dungeon, and saw 3 of its levels.

You collected 40 gold pieces.

Inventory:

Hand Weapons
 a - a +0 short sword (weapon)
Missiles
 i - 21 poisoned darts (quivered)
Wands
 b - a wand of flame (15)
 c - a wand of enslavement (13)
 d - a wand of random effects (15)
Scrolls
 g - 4 scrolls of remove curse {unknown}
 h - 3 scrolls of identify {unknown}
 l - a scroll of teleportation {unknown}
Potions
 e - a potion of stabbing {unknown}
 j - a potion of might {unknown}
 k - a potion of haste {unknown}
 m - a potion of curing {unknown}
 n - a potion of berserk rage {unknown}
Comestibles
 f - 3 rations


   Skills:
 - Level 1.0 Fighting
 - Level 1.0 Short Blades
 - Level 2.0 Dodging
 + Level 5.3 Stealth
 - Level 3.2 Evocations


You had 2 spell levels left.
You didn't know any spells.
Your spell library was empty.

Dungeon Overview and Level Annotations

Branches:
Dungeon (3/15)

Altars:
Qazlal


Innate Abilities, Weirdness & Mutations

You cannot wear most types of armour.
You are very stealthy in the water. (Stealth+)
You are amphibious.
You can wear up to eight rings at the same time.
You can use your tentacles to constrict eight enemies at once.
Your skin changes colour to match your surroundings (Stealth+).
Your rubbery body absorbs attacks. (AC +1, EV +1)


Message History

You open the door.
There is an open door here.
Found 18 gold pieces.
You now have 40 gold pieces (gained 18).
Found an escape hatch in the ceiling.
A giant cockroach comes into view.
Found an escape hatch in the floor.
Found a lumpy brown potion.
A kobold comes into view.
Found 21 sling bullets.
There is an escape hatch in the ceiling here.
The kobold shouts!
You see here a lumpy brown potion.
n - a lumpy brown potion You barely miss the kobold.
Your grab misses the kobold. The kobold hits you.
* * * LOW HITPOINT WARNING * * *
You closely miss the kobold. Your grab misses the kobold.
The kobold barely misses you.
You miss the kobold. Your grab misses the kobold. The kobold hits you.
You die...

#......# # #......#
#.#####......#
###.#..........#
...............#
#####.###......#
#.......#......#######..
+.......+.....<.........
#.......#...s...@.......
#.......#......K........
#.......#.>.............
#.......#####...........
#.......# #.......###.
#####'### #.......# #
#.# #(.....## # #.#
#.....## #####.# ..≈≈#


You could see a giant cockroach and a kobold.

Vanquished Creatures
  A bullfrog skeleton (D:3)
  A dart slug (D:1)
  4 leopard geckos
  A giant cockroach (D:3)
  4 goblins
  2 hobgoblins
  4 jackals (D:3)
  A kobold (D:1)
  3 rats
21 creatures vanquished.

Notes
Turn   | Place    | Note
-------+----------+-------------------------------------------
     0 | D:1      | Maedhros the Octopode Artificer began the quest for the
                  | Orb.
     0 | D:1      | Reached XP level 1. HP: 13/13 MP: 3/3
    39 | D:1      | Reached skill level 2 in Stealth
   240 | D:1      | Reached XP level 2. HP: 16/18 MP: 4/4
   261 | D:2      | Reached skill level 3 in Stealth
   358 | D:2      | Found a stormy altar of Qazlal.
   402 | D:3      | Reached skill level 4 in Stealth
   402 | D:3      | Reached XP level 3. HP: 15/23 MP: 5/5
   575 | D:3      | Reached skill level 5 in Stealth
   698 | D:3      | Noticed an ogre
   750 | D:3      | Slain by a kobold

Levels and vault maps discovered:
D:1:      dpeg_arrival_castle, layout_basic
D:2:      layout_basic, lemuel_doored_altar, first_ration,
          uniq_crazy_yiuf_cottage
D:3:      cheibrodos_old_hovel, layout_basic, kennysheep_cross_room

Skill      XL: |  1  2  3 |
---------------+----------+-----
Stealth        | 2 4 5 |  5.3
Fighting       | |  1.0
Short Blades   | |  1.0
Dodging        | |  2.0
Evocations     | |  3.2

Action                   || total
-------------------------++-------
Melee: Short sword       ||    47
       Constrict         ||    13
       Tentacles         ||     9
Evoke: Wand              ||     2
 Stab: Sleeping          ||     4
Armor: Skin              ||     3
Dodge: Dodged            ||    17

Table legend:
 A = Non-vault XP
 B = Vault XP
 C = Vault XP percentage of total XP
 D = Non-vault monster count
 E = Vault monster count
 F = Vault count percentage of total count
                 A         B        C        D         E       F
            +---------+---------+-------+---------+---------+-------
      Total |      81 |       0 |   0.0 |      21 |       0 |   0.0
            +---------+---------+-------+---------+---------+-------
        D:1 |      10 |       0 |   0.0 |       4 |       0 |   0.0
        D:2 |      11 |       0 |   0.0 |       6 |       0 |   0.0
        D:3 |      60 |       0 |   0.0 |      11 |       0 |   0.0
            +---------+---------+-------+---------+---------+-------
